 Dungeon Sprint DCSS version 0.31-a0-1606-g60c5cc7444 (webtiles) character file.

Game seed: 6676933824319087940

11800 James the Unseen (level 11, -4/60 HPs)
             Began as a Spriggan Brigand on Jan 8, 2024.
             Was the Champion of Uskayaw.
             Slain by a fire giant
             ... wielding a +2 great sword of flaming
              (12 damage)
             ... in the Dungeon (Sprint I: "Red Sonja").
             The game lasted 00:19:08 (1240 turns).

James the Unseen (Spriggan Brigand)                 Turns: 1240, Time: 00:19:08

Health: -4/60      AC:  8    Str:  7    XL:     11   Next: 54%
Magic:  0/23       EV: 32    Int:  8    God:    Uskayaw [******]
Gold:   125        SH: 15    Dex: 22    Spells: 10/10 levels left

rFire   . . .        q - +5 short sword (distort) {!w}
rCold   . . .        p - +1 buckler {rPois}
rNeg    . . .        x - +1 robe of Valour {+Inv Will+ Regen+ Int-4}
rPois   +            (helmet restricted)
rElec   .            v - +0 cloak {Stlth+}
rCorr   .            (gloves unavailable)
SInv    +            (boots unavailable)
Will    ++...        A - brooch of Shielding {Spirit SH+8}
Stlth   +++++++++    B - +4 ring of protection
HPRegen 1.10/turn    (no ring)
MPRegen 0.18/turn

%: no teleportation, guardian spirit
@: very quick
A: very small, no large weapons, unfitting armour, see invisible, speed 3
a: Renounce Religion, Evoke Invisibility, Stomp, Line Pass, Grand Finale


You were in the Dungeon.
You worshipped Uskayaw.
Uskayaw was pleased with you.
You visited 1 branch You collected 1593 gold pieces.
You spent 1468 gold pieces at shops.

Inventory:

Hand Weapons
 a - a +2 dagger
 o - a +0 short sword
   (You found it in the Dungeon)
 q - a +5 short sword of distortion (weapon) {!w}
   (You took it off Sonja in the Dungeon)
 r - a +0 rapier
   (You found it in the Dungeon)
Missiles
 d - 9 poisoned darts (quivered)
 n - 6 curare-tipped darts {!f}
Armour
 b - a +0 robe
 c - a +0 cloak
 m - a +0 robe
   (You took it off Sigmund in the Dungeon)
 p - a +1 buckler of poison resistance (worn)
   (You bought it in a shop in the Dungeon)
 s - a +0 troll leather armour
   (You found it in the Dungeon)
 u - a +0 robe
   (You found it in the Dungeon)
 v - a +0 cloak of stealth (worn)
   (You bought it in a shop in the Dungeon)
 w - a +0 robe
   (You took it off a kobold demonologist in the Dungeon)
 x - the +1 robe of Valour (worn) {+Inv Will+ Regen+ Int-4}
   (You found it in the Dungeon)

   Int-4:     It affects your intelligence (-4).
   Will+:     It increases your willpower.
   +Inv:      It lets you turn invisible.
   Regen+:    It increases your rate of health regeneration.
Magical Staves
 y - a staff of air
   (You found it in the Dungeon)
Jewellery
 e - an amulet of regeneration
   (You found it in the Dungeon)
 t - an amulet of faith {!P}
   (You found it in the Dungeon)
 A - the brooch of Shielding (around neck) {Spirit SH+8}
   (You bought it in a shop in the Dungeon)

   [amulet of guardian spirit]

   Spirit:    It causes incoming damage to be divided between your reserves of
   health and magic.
   SH+8:      It affects your SH (+8).
 B - a +4 ring of protection (left hand)
   (You bought it in a shop in the Dungeon)
Wands
 l - a wand of mindburst (12)
   (You took it off Ijyb in the Dungeon)
Scrolls
 k - a scroll of blinking
Potions
 f - 3 potions of curing {@q1}
 g - 2 potions of heal wounds {@q2}
 h - a potion of haste {@q3}
 i - 2 potions of magic
 j - a potion of berserk rage
 z - a potion of brilliance {unknown}


   Skills:
 - Level 8.0 Fighting
 + Level 11.8 Short Blades
 - Level 2.0 Throwing
 - Level 6.0 Armour
 - Level 16.0 Dodging
 - Level 19.0 Stealth
 - Level 6.0 Shields
 - Level 15.0 Invocations
 - Level 7.0 Evocations


You had 10 spell levels left.
You didn't know any spells.
Your spell library contained the following spells:

 Spells                   Type           Power      Damage    Failure   Level
 Call Imp                 Summ           0%         N/A       69%         2
 Sublimation of Blood     Necr           0%         N/A       69%         2
 Summon Hydra             Summ           0%         N/A       100%        7


Dungeon Overview and Level Annotations

Branches:
Dungeon (1/1)

Altars:
Cheibriados
Dithmenos
Elyvilon
Fedhas
Gozag
Hepliaklqana
Kikubaaqudgha
Makhleb
Nemelex Xobeh
Okawaru
Qazlal
Ru
Sif Muna
Trog
Uskayaw
Vehumet
Wu Jian
Xom
Yredelemnul
Zin
The Shining One
Jiyva
Lugonu

Shops:
D (*=[=((?[=[([[:[(

Annotations:
D exclusion: 4 doors


Innate Abilities, Weirdness & Mutations

You are very small and have problems with some larger weapons.
You are too small for most types of armour.
You have supernaturally acute eyesight. (SInv)
You cover ground extremely quickly. (Speed+++)


Message History

The helpless unseen horror fails to defend itself.
You stick the unseen horror like a pincushion!!!!!
You kill the unseen horror!
The helpless unseen horror fails to defend itself.
You spit the unseen horror like a pig!!!!
You kill the unseen horror!
Training target 19.0 for Stealth reached!
Your Stealth skill increases to level 19!
You puncture the unseen horror!
Space warps horribly around the unseen horror!!
You block the unseen horror's attack. The unseen horror misses you.
You block the unseen horror's attack.
You barely miss the unseen horror.
The unseen horror completely misses you.
You barely miss the unseen horror. You block the unseen horror's attack.
You closely miss the unseen horror.
The unseen horror completely misses you.
You block the unseen horror's attack.
Uskayaw prepares the audience for your solo!
The helpless unseen horror fails to defend itself.
You stick the unseen horror like a pincushion!!!!!
You kill the unseen horror!
Your Short Blades skill increases to level 11!
The helpless unseen horror fails to defend itself.
You skewer the unseen horror like a kebab!!!!!
You kill the unseen horror!
You open the door.
There is an open door here.
A fire giant comes into view.
It is wielding a +2 great sword of flaming.
A fire giant comes into view.
It is wielding a +0 great sword of flaming.
The fire giant shouts!
You hear a shout!
A fire giant comes into view.
It is wielding a +0 great sword of flaming.
Found a scroll labelled TYTEAP HISI and a pink potion.
A fire giant comes into view.
It is wielding a +0 great sword of flaming.
The fire giant shouts! x2
You hit the fire giant. You hit the fire giant.
The fire giant blinks!
Found a glaive, a wooden wand and a quarterstaff.
Found 3 stones, a bone wand and 81 gold pieces.
The fire giant hits you with a +2 great sword of flaming!!!
The fire giant burns you.
* * * LOW HITPOINT WARNING * * *
You hit the fire giant but do no damage.
Space warps around the fire giant.
You hit the fire giant.
Space warps horribly around the fire giant!
The fire giant hits you with a +2 great sword of flaming!!
* * * LOW HITPOINT WARNING * * *
The fire giant burns you!
You die...

§###(###§#..## #..#+###
§§.'.∩##.#..# ##...#
########.##'# ###.#
.....§##.##[# #.#
.......§§#### #.#
'.######.# ####'#
....§§§#.# ###....#
....§§#§.#)!?#####...####
....†~####)..CCC@§.###
....~~# (/...C#####
..~~~## /.... ~~~### ....
###'### $$$ ####∩∩# ##
∩∩∩∩∩## ≈ ######


You could see 4 fire giants.

Vanquished Creatures
  2 centaur warriors (D)
  2 demonic crawlers (D)
  Sonja (D)
  A deep troll (D)
  A lindwurm (D)
  An oklob plant (D)
  A gargoyle (D)
  6 unseen horrors (D)
  A kobold demonologist (D)
  A hornet (D)
  A glass eye (D)
  A slime creature (D)
  Sigmund (D)
  13 hogs (D)
  A yak (D)
  2 redbacks (D)
  An ogre (D)
  7 necrophages (D)
  6 jellies (D)
  Ijyb (D)
51 creatures vanquished.

Vanquished Creatures (others)
  2 ballistomycete spores (D)
2 creatures vanquished.

Grand Total: 53 creatures vanquished

Notes
Turn   | Place    | Note
-------+----------+-------------------------------------------
     0 | D        | James the Spriggan Brigand began the quest for the Orb.
     0 | D        | Reached XP level 1. HP: 10/10 MP: 2/2
     3 | D        | Noticed Ijyb
     5 | D        | Killed Ijyb
     6 | D        | Reached skill level 7 in Stealth
     6 | D        | Reached XP level 2. HP: 16/16 MP: 3/3
     8 | D        | Noticed an ogre
    22 | D        | Killed an ogre
    23 | D        | Reached skill level 5 in Dodging
    23 | D        | Reached skill level 8 in Stealth
    23 | D        | Reached XP level 3. HP: 20/20 MP: 4/4
    23 | D        | Reached XP level 4. HP: 24/24 MP: 5/5
    38 | D        | Noticed Sigmund
    41 | D        | Killed Sigmund
    42 | D        | Reached skill level 9 in Stealth
    42 | D        | Reached skill level 5 in Evocations
    42 | D        | Reached XP level 5. HP: 30/30 MP: 6/6
    42 | D        | Reached XP level 6. HP: 34/34 MP: 7/7
    55 | D        | Found an ornate altar of the Wu Jian Council.
    55 | D        | Found a shimmering blue altar of Sif Muna.
    57 | D        | Found a radiant altar of Vehumet.
    69 | D        | Reached skill level 10 in Stealth
   147 | D        | Found Ygeisch's General Store.
   147 | D        | Found an ancient bone altar of Kikubaaqudgha.
   147 | D        | Found a hazy altar of Hepliaklqana.
   147 | D        | Found a hide-covered altar of Uskayaw.
   147 | D        | Found a basalt altar of Yredelemnul.
   147 | D        | Found an opulent altar of Gozag.
   147 | D        | Found a snail-covered altar of Cheibriados.
   147 | D        | Found a sacrificial altar of Ru.
   147 | D        | Found a shadowy altar of Dithmenos.
   147 | D        | Noticed a yak
   148 | D        | Found a stormy altar of Qazlal.
   148 | D        | Found a blossoming altar of Fedhas.
   148 | D        | Found a bloodstained altar of Trog.
   148 | D        | Found an iron altar of Okawaru.
   148 | D        | Found a glowing golden altar of the Shining One.
   148 | D        | Found a glowing silver altar of Zin.
   148 | D        | Found a white marble altar of Elyvilon.
   149 | D        | Killed a yak
   150 | D        | Reached skill level 5 in Fighting
   150 | D        | Found a sparkling altar of Nemelex Xobeh.
   155 | D        | Bought a potion of heal wounds for 60 gold pieces
   155 | D        | Bought a +1 buckler of poison resistance for 162 gold
                  | pieces
   181 | D        | Noticed Sonja
   185 | D        | Killed Sonja
   186 | D        | Reached skill level 10 in Short Blades
   186 | D        | Reached skill level 10 in Dodging
   186 | D        | Reached skill level 13 in Stealth
   186 | D        | Reached XP level 7. HP: 40/40 MP: 8/8
   216 | D        | Became a worshipper of Uskayaw the Reveller
   228 | D        | Found Maozxyma's Weapon Boutique.
   289 | D        | Noticed a deep troll
   293 | D        | Killed a deep troll
   293 | D        | Reached * piety under Uskayaw
   294 | D        | Reached skill level 15 in Stealth
   294 | D        | Reached XP level 8. HP: 44/44 MP: 9/9
   336 | D        | Found a burning altar of Makhleb.
   336 | D        | Found a shimmering altar of Xom.
   336 | D        | Noticed a slime creature
   337 | D        | Found a viscous altar of Jiyva.
   337 | D        | Found a corrupted altar of Lugonu.
   340 | D        | Reached ** piety under Uskayaw
   344 | D        | Killed a slime creature
   344 | D        | Reached *** piety under Uskayaw
   375 | D        | Found Ceutue Xoje's Armour Emporium.
   389 | D        | Noticed a centaur warrior
   389 | D        | Noticed a centaur warrior
   392 | D        | Killed a centaur warrior
   393 | D        | Reached XP level 9. HP: 48/48 MP: 10/10
   394 | D        | Killed a centaur warrior
   395 | D        | Reached skill level 5 in Armour
   395 | D        | Reached skill level 5 in Shields
   395 | D        | Reached skill level 16 in Stealth
   405 | D        | Reached skill level 17 in Stealth
   418 | D        | Noticed an oklob plant
   420 | D        | Killed an oklob plant
   445 | D        | Reached skill level 5 in Invocations
   463 | D        | Noticed an unseen horror
   463 | D        | Noticed an unseen horror
   474 | D        | Banished an unseen horror
   475 | D        | Reached skill level 15 in Dodging
   475 | D        | Reached XP level 10. HP: 43/55 MP: 14/16
   523 | D        | Bought a +0 cloak of stealth for 161 gold pieces
   573 | D        | Noticed a demonic crawler
   573 | D        | Noticed a demonic crawler
   573 | D        | Noticed a demonic crawler
   573 | D        | Noticed a demonic crawler
   597 | D        | Reached skill level 10 in Invocations
   607 | D        | Killed a demonic crawler
   607 | D        | Reached **** piety under Uskayaw
   616 | D        | Reached ***** piety under Uskayaw
   619 | D        | Killed a demonic crawler
   656 | D        | Banished a demonic crawler
   664 | D        | Banished a demonic crawler
   676 | D        | Noticed a gargoyle
   688 | D        | Killed a gargoyle
   715 | D        | Noticed a lindwurm
   717 | D        | Killed a lindwurm
   718 | D        | Reached XP level 11. HP: 58/58 MP: 23/23
   742 | D        | Noticed a lorocyproca
   918 | D        | Identified the +1 leather armour "Sutwegos" {^Contam rPois
                  | rCorr MP-9}
   927 | D        | Identified the +1 robe of Valour {+Inv Will+ Regen+ Int-4}
   992 | D        | Noticed a shining eye
   992 | D        | Noticed a shining eye
   992 | D        | Noticed a shining eye
  1030 | D        | Found Boreamp's Armour Shoppe.
  1030 | D        | Found Poreacw's Jewellery Shop.
  1030 | D        | Found Puust's Jewellery Boutique.
  1032 | D        | Found Lulose's Weapon Emporium.
  1032 | D        | Found Jiling's Weapon Shop.
  1032 | D        | Found Lolaluth's Magic Scroll Shoppe.
  1032 | D        | Found Jal Liag's Antique Armour Boutique.
  1032 | D        | Found Ceustur's Jewellery Emporium.
  1032 | D        | Found Temocs's Armour Shop.
  1032 | D        | Found Seyfeod's Weapon Shoppe.
  1038 | D        | Found Culivich's Antique Armour Boutique.
  1039 | D        | Found Tukacoxt's Book Emporium.
  1039 | D        | Found Umiraant's Armour Boutique.
  1040 | D        | Found Qerpha Ceaku's Antique Weapon Emporium.
  1065 | D        | Bought a scroll of enchant weapon for 75 gold pieces
  1070 | D        | Bought the brooch of Shielding {Spirit SH+8} for 650 gold
                  | pieces
  1070 | D        | Found the brooch of Shielding {Spirit SH+8}
  1080 | D        | Bought a +4 ring of protection for 360 gold pieces
  1161 | D        | Reached skill level 15 in Invocations
  1179 | D        | Reached ****** piety under Uskayaw
  1192 | D        | Reached skill level 18 in Stealth
  1209 | D        | Noticed a daeva
  1219 | D        | Reached skill level 19 in Stealth
  1230 | D        | Noticed a fire giant
  1233 | D        | Noticed a fire giant
  1233 | D        | Noticed a fire giant
  1234 | D        | Noticed a fire giant
  1240 | D        | Slain by a fire giant

Illustrated notes

Levels and vault maps discovered:
D:        dungeon_sprint_1 [red_sonja_temple_1, red_sonja_temple_small_1]

Skill      XL: |  1  2  3  4  5  6  7  8  9 10 11 |
---------------+----------------------------------+-----
Fighting       | 2 3 4 6 7 8 |  8.0
Short Blades   | 4 6 8 10 11 | 11.8
Dodging        | 3 5 7 10 12 13 15 16 | 16.0
Stealth        | 7 8 9 13 15 17 19 | 19.0
Evocations     | 3 5 7 |  7.0
Shields        | 3 4 5 6 |  6.0
Armour         | 4 5 6 |  6.0
Invocations    | 6 14 15 | 15.0
Throwing       | |  2.0

Action                     |  1- 3 |  4- 6 |  7- 9 | 10-12 || total
---------------------------+-------+-------+-------+-------++-------
  Melee: Dagger            |     7 |    12 |       |       ||    19
         Short sword       |       |       |    14 |   151 ||   165
 Invoke: Line Pass         |       |       |       |     1 ||     1
  Evoke: Wand              |     3 |       |       |       ||     3
    Use: Scroll            |       |       |       |     1 ||     1
   Stab: Sleeping          |     1 |     3 |     7 |     8 ||    19
         Paralysed         |       |       |       |     7 ||     7
         Confused          |       |       |       |     1 ||     1
 Armour: Robe              |       |       |     1 |     2 ||     3
         Troll leather arm |       |       |     3 |    19 ||    22
  Dodge: Dodged            |     4 |     4 |     6 |    77 ||    91
  Block: Buckler           |       |       |     1 |    41 ||    42

Table legend: (Time is in decaauts)
 A = Elapsed time spent in this place.
 B = Non-inter-level travel time spent in this place.
 C = Inter-level travel time spent in this place.
 D = Time resting spent in this place.
 E = Time spent auto-exploring this place.
 F = Levels seen in this place.
 G = Mean time per level.
                   A        B        C        D        E       F      G
               +--------+--------+--------+--------+--------+-----+--------+
         Total |    875 |    774 |    101 |    144 |      0 |   1 |  875.0 |
       Dungeon |    875 |    774 |    101 |    144 |      0 |   1 |  875.0 |
               +--------+--------+--------+--------+--------+-----+--------+

Top non-repeatable levels by time:
       D: 875 daAuts
